 Dungeon Crawl Stone Soup version 0.30.0-19-g36f170ea60 (webtiles) character file.

Game seed: 8090383715410819458

1524 Bnni the Geomancer (level 9, -3/59 (68) HPs)
             Began as a Formicid Earth Elementalist on May 29, 2023.
             Slain by Edmund
             ... wielding a +5 flail of draining
              (7 damage)
             ... on level 6 of the Dungeon.
             The game lasted 00:11:40 (5807 turns).

Bnni the Geomancer (Formicid Earth Elementalist)    Turns: 5807, Time: 00:11:40

HP:   -3/59 (68)    AC:  8    Str: 14    XL:     9   Next: 10%
MP:   12/15         EV: 11    Int: 18    God:
Gold: 302           SH:  5    Dex: 14    Spells: 6/16 levels left

rFire   . . .        C - +3 dire flail (protect)
rCold   + . .        (no shield)
rNeg    . . .        u - +2 ring mail {rC+}
rPois   .            (helmet unavailable)
rElec   .            (no cloak)
rCorr   .            h - +0 pair of gloves
SInv    +            (no boots)
Will    .....        D - amulet of reflection
Stlth   +            (no ring)
HPRegen 0.29/turn    (no ring)
MPRegen 0.14/turn

%: reflection
@: heavily drained
A: permanent stasis, dig shafts and tunnels, antennae 3, four strong arms
a: Dig, Shaft Self


You were on level 6 of the Dungeon.
You visited 1 branch of the dungeon, and saw 6 of its levels.
You also visited: Ossuary.

You collected 302 gold pieces.

Inventory:

Hand Weapons
 w - a +1 dagger of venom
 C - a +3 dire flail of protection (weapon)
Missiles
 n - 13 poisoned darts
Armour
 h - a +0 pair of gloves (worn)
 m - a +0 plate armour
 u - a +2 ring mail of cold resistance (worn)
Jewellery
 D - an amulet of reflection (around neck)
Wands
 g - a wand of roots (9)
 s - a wand of paralysis (8)
Scrolls
 a - 3 scrolls of poison
 f - 2 scrolls of identify {unknown}
 i - a scroll of butterflies {unknown}
 j - 2 scrolls of amnesia {unknown}
 k - 2 scrolls of enchant armour {unknown}
 l - 3 scrolls of magic mapping
 x - a scroll of brand weapon {unknown}
 y - a scroll of blinking {unknown}
 z - a scroll of immolation
 E - a scroll of fog {unknown}
Potions
 b - 4 potions of magic
 c - a potion of heal wounds {unknown}
 d - 3 potions of flight {unknown}
 e - 3 potions of mutation
 o - 2 potions of might {unknown}
 p - a potion of invisibility {unknown}
 q - a potion of ambrosia {unknown}
 r - 5 potions of curing
 t - a potion of attraction {unknown}
 v - a potion of cancellation {unknown}
 A - a potion of haste
 B - a potion of lignification {unknown}


   Skills:
 + Level 5.0 Fighting
 + Level 3.0 Armour
 - Level 1.7 Dodging
 - Level 2.4 Stealth
 - Level 4.0 Spellcasting
 + Level 1.1 Conjurations
 - Level 3.0 Transmutations
 * Level 9.1 Earth Magic
 + Level 4.0 Invocations


You had 6 spell levels left.
You knew the following spells:

 Your Spells              Type           Power      Damage    Failure   Level
a - Sandblast             Erth           72%        2d16      1%          1
b - Passwall              Tmut/Erth      20%        N/A       3%          2
c - Stone Arrow           Conj/Erth      44%        3d9       11%         3
d - Petrify               Tmut/Erth      25%        N/A       24%         4

Your spell library contained the following spells:

 Spells                   Type           Power      Damage    Failure   Level
 Ensorcelled Hibernation  Hex/Ice        6%         N/A       41%         2
 Spider Form              Tmut/Pois      9%         N/A       43%         3
 Anguish                  Hex/Necr       1%         N/A       96%         4


Dungeon Overview and Level Annotations

Branches:
Dungeon (6/15)            Ossuary (visited)
 Temple: D:4-7

Altars:

Shops:
D:2 ([[(

Annotations:
D:6 Edmund


Innate Abilities, Weirdness & Mutations

You cannot be hasted, slowed, berserked, paralysed or teleported.
You can dig through walls and to a lower floor.
You have a pair of large antennae on your head. (SInv)
Your four strong arms can wield two-handed weapons with a shield.


Message History

Your +3 dire flail of protection hums with potential!
C - a +3 dire flail of protection (weapon)
You block the quokka's attack.
Unknown command.
Aiming: Sandblast (safe; 1% risk of failure)
Press: ? - help, Q - select action, (/) - cycle Shift-Dir - straight line, f - Edmund
Aim: Edmund, wielding a +5 flail of draining and wearing a +0 ring mail (lightly wounded, very poisoned, 86% to hit)
The blast of sand hits Edmund.
Edmund is moderately wounded.
You feel sick.
You are no longer poisoned.
Edmund hits you with a +5 flail of draining.
You feel drained. The sleepcap barely misses you.
The quokka closely misses you. Edmund barely misses you.
The sleepcap releases spores at you. You block the quokka's attack.
Okay, then.
Aiming: Sandblast (safe; 1% risk of failure)
Press: ? - help, Q - select action, (/) - cycle Shift-Dir - straight line, f - quokka, p - Edmund
Aim: a quokka (78% to hit)
The blast of sand hits the quokka.
The quokka is moderately wounded.
You block Edmund's attack.
The sleepcap releases spores at you but does no damage.
The quokka twitches its whiskers.
The quokka barely misses you.
Aiming: Sandblast (safe; 1% risk of failure)
Press: ? - help, Q - select action, (/) - cycle Shift-Dir - straight line, f/p - quokka
Aim: a quokka (moderately wounded, 78% to hit)
The blast of sand hits the quokka!
You kill the quokka!
Edmund misses you. You block the sleepcap's attack.
The sleepcap releases spores at you.
* * * LOW HITPOINT WARNING * * *
You are engulfed in a cloud of soporific spores!
You fall asleep.
Edmund hits you with a +5 flail of draining!
You wake up.
* * * LOW HITPOINT WARNING * * *
You feel drained.
You die...

.# .#.# ..#...##.#
#.#.#. { .#.....#..#
......
.........####......
#$..>#............
#.<...............
###.................
#..@........<.......
#@.........#.....
#~r#f.......## ...
#~~##..##...# . #~~~
#.....#.# #~~~
#..####... ##~~ #..#
####.. #~~ ...# ..
#++##..# . #...


You could see Edmund (poisoned), a sleepcap and a quokka.

Vanquished Creatures
  The ghost of ripuliukko the Magician, a novice DEEE of Vehumet (D:5)
  Duvessa (D:5)
  An orc warrior (D:5)
  2 phantoms
  A kobold brigand (D:6)
  Blork the orc (D:5)
  Dowan (D:5)
  3 human zombies (Ossuary)
  2 orc priests (D:5)
  2 hounds (D:5)
  A centaur zombie (Ossuary)
  2 jellies (D:5)
  A sleepcap (D:4)
  Terence (D:2)
  4 iguanas
  2 orc wizards
  3 mummies (Ossuary)
  4 gnolls (D:2)
  4 adders
  A river rat (D:6)
  A white imp (D:3)
  An ufetubus (D:4)
  5 worms
  A dart slug (D:2)
  15 orcs
  3 bats
  5 endoplasms
  8 giant cockroaches
  7 goblins
  8 hobgoblins
  7 jackals
  2 quokkas
  4 ball pythons
  2 frilled lizards (D:3)
  A goblin zombie (Ossuary)
  2 hobgoblin zombies (Ossuary)
  7 kobolds
  A kobold zombie (Ossuary)
  10 rats
128 creatures vanquished.

Notes
Turn   | Place    | Note
-------+----------+-------------------------------------------
     0 | D:1      | Bnni the Formicid Earth Elementalist began the quest for
                  | the Orb.
     0 | D:1      | Reached XP level 1. HP: 13/13 MP: 3/3
     4 | D:1      | Noticed a death yak
    61 | D:1      | Noticed a black mamba
   179 | D:1      | Reached XP level 2. HP: 20/20 MP: 0/5
   336 | D:1      | Reached skill level 4 in Earth Magic
   579 | D:1      | Reached XP level 3. HP: 25/25 MP: 4/6
   779 | D:1      | Reached skill level 1 in Fighting
   904 | D:2      | Found Geol Dilu's Antique Weapon Shop.
   986 | D:2      | Reached XP level 4. HP: 16/32 MP: 0/8
  1246 | D:2      | Found Doiroeci's Antique Armour Shoppe.
  1367 | D:2      | Noticed Terence
  1375 | D:2      | Killed Terence
  1376 | D:2      | Reached skill level 5 in Earth Magic
  1376 | D:2      | Reached XP level 5. HP: 17/38 MP: 1/9
  1587 | D:2      | Learned a level 2 spell: Passwall
  1591 | D:2      | Learned a level 3 spell: Stone Arrow
  1596 | D:2      | Learned a level 4 spell: Petrify
  1770 | D:2      | Found Joeluurch's Antique Armour Boutique.
  1872 | D:2      | Found Efaudogh's Antique Weapon Emporium.
  2480 | D:3      | Found a faded altar of an unknown god.
  2585 | D:3      | Reached XP level 6. HP: 35/44 MP: 4/10
  3133 | D:4      | Reached skill level 6 in Earth Magic
  3473 | D:4      | Reached XP level 7. HP: 24/51 MP: 2/12
  4126 | D:5      | Entered Level 5 of the Dungeon
  4157 | D:5      | Found a runed translucent door.
  4157 | D:5      | Noticed ripuliukko's ghost (novice DEEE)
  4171 | D:5      | Reached skill level 7 in Earth Magic
  4243 | D:5      | Reached skill level 1 in Invocations
  4363 | D:5      | Found a sand-covered staircase.
  4370 | Ossuary  | Entered an ossuary
  4412 | Ossuary  | Reached XP level 8. HP: 52/59 MP: 10/14
  4508 | Ossuary  | Reached skill level 1 in Armour
  4675 | D:5      | Reached skill level 8 in Earth Magic
  4706 | D:5      | Noticed Blork the orc
  4715 | D:5      | Killed Blork the orc
  5156 | D:5      | Noticed Duvessa
  5158 | D:5      | Noticed Dowan
  5177 | D:5      | Killed Duvessa
  5187 | D:5      | Killed Dowan
  5661 | D:5      | Killed ripuliukko's ghost
  5662 | D:5      | Reached skill level 9 in Earth Magic
  5662 | D:5      | Reached XP level 9. HP: 44/67 MP: 10/15
  5797 | D:6      | Reached skill level 1 in Conjurations
  5797 | D:6      | Noticed Edmund
  5799 | D:6      | Reached skill level 5 in Fighting
  5807 | D:6      | Slain by Edmund

Illustrated notes

Levels and vault maps discovered:
D:1:      sevenhm_arrival_forest_fort_small_2, layout_basic
D:2:      layout_basic, serial_shops, nicolae_shop_just_a_little_nook, shop,
          nicolae_shop_statue_plus, shop, minmay_worlds_worst_comb, uniq_terence
D:3:      layout_rooms, shapermc_ecumenical_altar_ellora, grunt_ministairs_13
D:4:      layout_basic
D:5:      layout_gridville, chequers_ossuary_entry_cave, gammafunk_ghost_grave,
          minmay_misc_feat_hallway, chequers_serial_rivers_micro_c,
          guppyfry_early_orc_mine, uniq_duvessa, uniq_blork_the_orc
D:6:      layout_rooms, mainiacjoe_overflow_tiny_flanked, gup_sewer_entry_bowl,
          uniq_edmund

Skill      XL: |  1  2  3  4  5  6  7  8  9 |
---------------+----------------------------+-----
Earth Magic    | 4 5 6 7 9 |  9.1
Fighting       | 1 2 3 4 5 |  5.0
Transmutations | 2 3 |  3.0
Spellcasting   | 3 4 |  4.0
Invocations    | 2 3 4 |  4.0
Armour         | 2 3 |  3.0
Conjurations   | 1 |  1.1
Dodging        | |  1.7
Stealth        | |  2.4

Action                     |  1- 3 |  4- 6 |  7- 9 || total
---------------------------+-------+-------+-------++-------
  Melee: Unarmed           |     3 |       |       ||     3
         Short sword       |       |    13 |     2 ||    15
         Dagger            |       |       |    26 ||    26
         Dire flail        |       |       |    11 ||    11
   Cast: Sandblast         |    39 |   116 |    96 ||   251
         Stone Arrow       |       |       |     3 ||     3
Ability: Dig               |       |       |     2 ||     2
    Use: Scroll            |       |       |     3 ||     3
         Potion            |       |       |     1 ||     1
   Stab: Sleeping          |       |       |     1 ||     1
 Armour: Robe              |     4 |     4 |       ||     8
         Ring mail         |       |    21 |    41 ||    62
  Dodge: Dodged            |    13 |    53 |    53 ||   119
  Block: Other             |       |       |     8 ||     8
